 Dungeon Sprint DCSS version 0.29-a0-723-gce39da1c22 (webtiles) character file.

Game seed: 10782790533544050306

661 wilfster70 the Spear-Bearer (level 7, 0/71 HPs)
             Began as a Minotaur Fighter on June 28, 2022.
             Was a Believer of Cheibriados.
             Killed from afar by a deep elf zephyrmancer (8 damage)
             ... with a bolt of lightning
             ... in the Dungeon (Sprint V: "Ziggurat Sprint").
             The game lasted 00:03:00 (172 turns).

wilfster70 the Spear-Bearer (Minotaur Fighter)       Turns: 172, Time: 00:03:01

Health: 0/71       AC: 25    Str: 40    XL:     7   Next: 30%
Magic:  2/6        EV:  3    Int: 10    God:    Cheibriados [**....]
Gold:   0          SH: 29    Dex: 14    Spells: 6/6 levels left

rFire   + + .      SeeInvis .   a - +8 lance "Wyrmbane" {slay drac, rPois rF+ rC+ AC+3}
rCold   + + .      Faith    .   g - +18 shield of the Gong {rElec rN+ Will+ EV-5}
rNeg    + . .      Spirit   .   k - +5 gold dragon scales
rPois   +          Reflect  .   (helmet restricted)
rElec   +          Harm     .   (no cloak)
rCorr   .          Rampage  .   (no gloves)
Will    +....      NoTele   +   (no boots)
Stlth   ..........              (no amulet)
HPRegen 0.21/turn               p - +6 ring of strength
MPRegen 0.10/turn               q - +6 ring of strength

@: studying Polearms, very slow
A: horns 2, retaliatory headbutt
a: Renounce Religion, Bend Time


You were in the Dungeon.
You worshipped Cheibriados.
Cheibriados was pleased with you.
You visited 1 branch

Inventory:

Hand Weapons
 a - the +8 lance "Wyrmbane" (weapon) {slay drac, rPois rF+ rC+ AC+3}
   (You found it in the Dungeon)

   It inflicts extra damage against dragons and draconians.
   AC:        It affects your AC (+3).
   rF:        It protects you from fire.
   rC:        It protects you from cold.
   rPois:     It protects you from poison.
 b - a +5 hand crossbow
Armour
 g - the +18 shield of the Gong (worn) {rElec rN+ Will+ EV-5}
   (You found it in the Dungeon)

   It is deafeningly noisy when blocking attacks.
   EV:        It affects your evasion (-5).
   rElec:     It insulates you from electricity.
   rN:        It protects you from negative energy.
   Will:      It increases your willpower.
 k - +5 gold dragon scales (worn)
Jewellery
 c - a ring of flight
 p - a +6 ring of strength (left hand)
 q - a +6 ring of strength (right hand)
Wands
 s - a wand of iceblast (7)
 t - a wand of acid (7)
 A - a wand of mindburst (7)
Scrolls
 j - 4 scrolls of blinking
 r - 5 scrolls of identify
 y - 4 scrolls of amnesia
 z - 7 scrolls of fog
 B - 2 scrolls of fear
Potions
 d - 6 potions of might
 e - 10 potions of curing
 f - 6 potions of heal wounds
 h - 7 potions of magic
 i - 3 potions of berserk rage
 u - 2 potions of brilliance
 v - 2 potions of invisibility
 w - 4 potions of resistance
 x - a potion of experience


   Skills:
 + Level 9.9 Fighting
 + Level 11.0 Polearms
 + Level 9.9 Armour
 + Level 4.8 Dodging
 + Level 9.9 Shields


You had 6 spell levels left.
You didn't know any spells.
Your spell library was empty.

Dungeon Overview and Level Annotations

Branches:
Dungeon (1/1)

Altars:
Ashenzari
Cheibriados
Dithmenos
Elyvilon
Fedhas
Gozag
Hepliaklqana
Kikubaaqudgha
Makhleb
Nemelex Xobeh
Okawaru
Qazlal
Ru
Sif Muna
Trog
Uskayaw
Vehumet
Wu Jian
Xom
Yredelemnul
Zin
The Shining One
Beogh
Jiyva
Lugonu

Annotations:
D 1 transporter


Innate Abilities, Weirdness & Mutations

You have a pair of horns on your head.
You reflexively headbutt those who attack you in melee.


Message History

You block the deep elf zephyrmancer's attack.
PANG!
Reach: a) +8 lance "Wyrmbane" {slay drac, rPois rF+ rC+ AC+3}
Press: ? - help, Dir - move target, f - deep elf pyromancer
Aim: a deep elf pyromancer, wielding a +0 dagger and wearing a +0 chain mail (almost dead, about 28% to evade the +8 lance "Wyrmbane")
The fire elemental is in the way.
You barely miss the fire elemental.
Your headbutt misses the fire elemental.
You block the fire elemental's attack.
PANG!
You block the +2 glaive of protection's attack.
SHROANNG!
You block the fire elemental's attack.
GONNNNG!
The deep elf pyromancer casts a spell.
The deep elf zephyrmancer hits you but does no damage.
Reach: a) +8 lance "Wyrmbane" {slay drac, rPois rF+ rC+ AC+3}
Press: ? - help, Dir - move target, f/p - deep elf pyromancer
Aim: a deep elf pyromancer, wielding a +0 dagger and wearing a +0 chain mail (almost dead, about 28% to evade the +8 lance "Wyrmbane")
The fire elemental is in the way.
You hit the fire elemental.
Your headbutt misses the fire elemental.
The fire elemental is lightly damaged.
You block the fire elemental's attack.
BONNNG!
The +2 glaive of protection hits you from afar!!
* * * LOW HITPOINT WARNING * * *
You block the fire elemental's attack.
PANG!
Reach: a) +8 lance "Wyrmbane" {slay drac, rPois rF+ rC+ AC+3}
Press: ? - help, Dir - move target, f/p - deep elf pyromancer
Aim: a deep elf pyromancer, wielding a +0 dagger and wearing a +0 chain mail (almost dead, about 28% to evade the +8 lance "Wyrmbane")
You reach to attack!
You puncture the deep elf pyromancer!
You kill the deep elf pyromancer!
Cheibriados appreciates the change of pace.
Cheibriados raises the support of your attributes as your movement slows.
The fire elemental disappears in a puff of smoke! x3
The deep elf zephyrmancer gestures at you while chanting.
The bolt of lightning hits you. You resist.
* * * LOW HITPOINT WARNING * * *
The bolt of lightning hits you! You resist.
You die...

▓▓▓▓▓▓▓▓▓▓▓▓▓▓▓▓▓▓▓
▓.8©8.▓.8©8.▓.8©8.▓
▓.e@}.▓.))).▓.....▓
▓.§)§.▓.....▓...[.▓
▓.(..)▓.....▓.=...▓
▓...§.▓.....▓..)..▓
▓....☼▓.....▓..©..▓
▓..©..▓..©..▓▓▓▓▓▓▓
▓▓▓▓▓▓▓▓▓▓▓▓▓


You could see a deep elf zephyrmancer and a +2 glaive of protection.

Vanquished Creatures
  A deep elf pyromancer (D)
  A deep elf zephyrmancer (D)
  A spriggan (D)
  A black bear (D)
  2 ball python zombies (D)
  A giant cockroach zombie (D)
7 creatures vanquished.

Notes
Turn   | Place    | Note
-------+----------+-------------------------------------------
     0 | D        | wilfster70 the Minotaur Fighter began the quest for the
                  | Orb.
     0 | D        | Reached XP level 1. HP: 19/19 MP: 0/0
    14 | D        | Found a blossoming altar of Fedhas.
    14 | D        | Found the +6 Majin-Bo {vamp, MP+6 Int+6}
    14 | D        | Found the +9 heavy crossbow "Sniper" {vorpal, Acc+∞ SInv}
    14 | D        | Found the +10 dark maul {vorpal}
    14 | D        | Found the +15 Maxwell's patent armour {-Cast -Tele rElec
                  | Will+ rCorr}
    14 | D        | Found the +18 shield of the Gong {rElec rN+ Will+ EV-5}
    14 | D        | Found the +14 obsidian axe {vorpal, Mesm Drain Fly SInv}
    14 | D        | Found the +7 great mace "Firestarter" {inner flame, rF++}
    14 | D        | Found the +6 shillelagh "Devastator" {shatter}
    14 | D        | Found the +11 plutonium sword {Contam Stlth-}
    14 | D        | Found the +8 lance "Wyrmbane" {slay drac, rPois rF+ rC+
                  | AC+3}
    14 | D        | Found the +9 sword of Zonguldrok {reap}
    14 | D        | Found the +13 scythe of Curses {drain, Drain}
    14 | D        | Found the +5 sword of Power {vorpal}
    14 | D        | Found the +7 mace of Variability {chain chaos}
    14 | D        | Found the +7 Singing Sword {vorpal, sonic wave}
    14 | D        | Found the +8 storm bow {elec, penet}
    15 | D        | Found a viscous altar of Jiyva.
    15 | D        | Found a hazy altar of Hepliaklqana.
    15 | D        | Found a transporter.
    15 | D        | Found an opulent altar of Gozag.
    15 | D        | Found an ancient bone altar of Kikubaaqudgha.
    15 | D        | Found a corrupted altar of Lugonu.
    22 | D        | Found a burning altar of Makhleb.
    23 | D        | Found an iron altar of Okawaru.
    23 | D        | Found a sparkling altar of Nemelex Xobeh.
    23 | D        | Found a stormy altar of Qazlal.
    23 | D        | Found a sacrificial altar of Ru.
    23 | D        | Found a shimmering blue altar of Sif Muna.
    47 | D        | Found a bloodstained altar of Trog.
    66 | D        | Became a worshipper of Cheibriados the Contemplative
   100 | D        | Entered arena 2.
   100 | D        | Noticed a black bear
   100 | D        | Noticed a spriggan
   100 | D        | Found a transporter.
   105 | D        | Killed a spriggan
   106 | D        | Reached skill level 6 in Polearms
   106 | D        | Reached XP level 2. HP: 33/34 MP: 1/1
   106 | D        | Reached XP level 3. HP: 38/39 MP: 2/2
   106 | D        | Reached XP level 4. HP: 46/47 MP: 3/3
   106 | D        | Reached XP level 5. HP: 51/52 MP: 4/4
   108 | D        | Killed a black bear
   108 | D        | Reached * piety under Cheibriados
   109 | D        | Reached skill level 7 in Polearms
   129 | D        | Entered arena 3.
   129 | D        | Found a transporter.
   134 | D        | Reached ** piety under Cheibriados
   143 | D        | Entered arena 4.
   143 | D        | Noticed a +2 glaive of protection
   143 | D        | Noticed a deep elf zephyrmancer
   143 | D        | Noticed a deep elf pyromancer
   143 | D        | Noticed a deep elf zephyrmancer
   143 | D        | Found a transporter.
   146 | D        | Noticed a fire elemental
   158 | D        | Noticed a fire elemental
   158 | D        | Noticed a fire elemental
   159 | D        | HP: 1/53 [+2 glaive of protection (13)]
   165 | D        | Killed a deep elf zephyrmancer
   166 | D        | Reached skill level 11 in Polearms
   166 | D        | Reached XP level 6. HP: 37/66 MP: 2/5
   166 | D        | Reached XP level 7. HP: 40/71 MP: 2/6
   171 | D        | Noticed a fire elemental
   172 | D        | Killed a deep elf pyromancer
   172 | D        | Killed from afar by a deep elf zephyrmancer

Illustrated notes

Levels and vault maps discovered:
D:        sprint_v [room_start, room_1, room_2, room_3, room_4, room_5, room_6,
          room_7, room_8, room_9, room_10, room_11, room_12, room_13, room_14,
          room_15, room_16, room_17, room_18, room_19, room_20, room_21,
          room_22, room_23, room_24, room_25, room_26, room_27]

Skill      XL: |  1  2  3  4  5 |
---------------+----------------+-----
Fighting       | 7 9 |  9.9
Polearms       | 6 11 | 11.0
Armour         | 7 9 |  9.9
Shields        | 7 9 |  9.9
Dodging        | 4 |  4.8

Action                   |  1- 3 |  4- 6 |  7- 9 || total
-------------------------+-------+-------+-------++-------
Melee: Lance             |     5 |    18 |     7 ||    30
       Headbutt          |       |     1 |     1 ||     2
Invok: Bend Time         |       |     1 |       ||     1
  Use: Potion            |       |     4 |       ||     4
Armor: Gold dragon scale |     7 |    29 |     4 ||    40
Dodge: Dodged            |       |       |     1 ||     1
Block: Kite shield       |    12 |    61 |    14 ||    87

Table legend: (Time is in decaauts)
 A = Elapsed time spent in this place.
 B = Non-inter-level travel time spent in this place.
 C = Inter-level travel time spent in this place.
 D = Time resting spent in this place.
 E = Time spent auto-exploring this place.
 F = Levels seen in this place.
 G = Mean time per level.
                   A        B        C        D        E       F      G
               +--------+--------+--------+--------+--------+-----+--------+
         Total |    186 |    186 |      0 |      0 |      0 |   1 |  186.0 |
       Dungeon |    186 |    186 |      0 |      0 |      0 |   1 |  186.0 |
               +--------+--------+--------+--------+--------+-----+--------+

Top non-repeatable levels by time:
       D: 186 daAuts
